 Dungeon Crawl Stone Soup version 0.19.1-1-g22dce08 (webtiles) character file.

5294 HEYYEYAAE the Frost Mage (level 10, -10/84 HPs)
             Began as a Green Draconian Ice Elementalist on Jan 7, 2017.
             Was a Priest of Okawaru.
             Mangled by an orc warrior
             ... wielding a +0 flail of protection
              (24 damage)
             ... on level 8 of the Dungeon.
             The game lasted 00:15:11 (7142 turns).

HEYYEYAAE the Frost Mage (DrIE)                     Turns: 7142, Time: 00:15:13

Health: -10/84     AC: 10    Str: 12    XL:     10   Next: 37%
Magic:  17/22      EV: 14    Int: 18    God:    Okawaru [***...]
Gold:   218        SH:  0    Dex: 11    Spells: 4 memorised, 14 levels left

rFire  + . .     SeeInvis .     s - +2 hunting sling (freeze)
rCold  x . .     Gourm    +     (armour unavailable)
rNeg   . . .     Faith    .     (no shield)
rPois  +         Spirit   .     (helmet restricted)
rElec  .         Reflect  .     j - +0 cloak {MR+}
rCorr  .         Harm     .     H - +0 pair of gloves
MR     +....                    y - +0 pair of boots
Stlth  ++........               J - amulet of the gourmand
                                (no ring)
                                v - ring of fire

@: short of breath
A: breathe noxious fumes, unfitting armour, poison resistance, cold-blooded, AC
+7
a: Breathe Noxious Fumes, Heroism, Renounce Religion


You were on level 8 of the Dungeon.
You worshipped Okawaru.
Okawaru was most pleased with you.
You were very full.

You visited 2 branches of the dungeon, and saw 9 of its levels.

You collected 308 gold pieces.
You spent 90 gold pieces at shops.

Inventory:

Hand Weapons
 s - a +2 hunting sling of freezing (weapon)
 O - a +0 arbalest
Missiles
 c - 112 stones
 d - 2 sling bullets (quivered)
 L - 10 bolts
Armour
 j - a +0 cloak of magic resistance (worn)
 y - a +0 pair of boots (worn)
 H - a +0 pair of gloves (worn)
Jewellery
 e - an uncursed amulet of guardian spirit
 v - a ring of fire (left hand)
 J - an amulet of the gourmand (around neck)
Wands
 u - a wand of acid (0/15)
Scrolls
 g - 3 scrolls of identify
 i - a scroll of random uselessness {unknown}
 l - 3 scrolls of amnesia {unknown}
 n - a scroll of fear {unknown}
 o - a scroll of noise {unknown}
 p - 2 scrolls of remove curse {unknown}
 t - 4 scrolls of fog {unknown}
 w - a scroll of blinking {unknown}
 x - 3 scrolls of magic mapping {unknown}
 A - 6 scrolls of teleportation {unknown}
 B - a scroll of enchant armour {unknown}
Potions
 h - 3 potions of might
 m - 5 potions of magic {unknown}
 r - a potion of berserk rage {unknown}
 F - 2 potions of cancellation {unknown}
 G - a potion of brilliance {unknown}
 I - a potion of lignification {unknown}
 N - 2 potions of degeneration {unknown}
Books
 a - a book of Frost

   Spells                             Type                      Level
   a - Freeze                         Ice                          1
   b - Throw Frost                    Conjuration/Ice              2
   c - Ozocubu's Armour               Charms/Ice                   3
   d - Throw Icicle                   Conjuration/Ice              4
   e - Summon Ice Beast               Ice/Summoning                4
 E - a book of the Dragon

   Spells                             Type                      Level
   a - Flame Tongue                   Conjuration/Fire             1
   b - Cause Fear                     Hexes                        4
   c - Bolt of Fire                   Conjuration/Fire             6
   d - Dragon Form                    Transmutation                7
   e - Dragon's Call                  Summoning                    9
Comestibles
 b - 8 bread rations
 f - 3 beef jerkies
 k - 8 slices of pizza
 z - 3 fruits
 K - a royal jelly


   Skills:
 + Level 6.4 Fighting
 + Level 2.0 Crossbows
 + Level 5.8 Dodging
 - Level 1.7 Stealth
 * Level 8.8 Spellcasting
 - Level 1.0 Conjurations
 * Level 9.2 Ice Magic


You had 14 spell levels left.
You knew the following spells:

 Your Spells              Type           Power        Failure   Level  Hunger
a - Freeze                Ice            ####         1%          1    None
b - Throw Icicle          Conj/Ice       ####....     14%         4    ###....
c - Ozocubu's Armour      Chrm/Ice       ###.....     4%          3    None
d - Summon Ice Beast      Ice/Summ       ###.....     17%         4    ###....


Dungeon Overview and Level Annotations

Branches:
Dungeon (8/15)             Temple (1/1) D:6
   Lair: D:8-11

Altars:
Cheibriados
Dithmenos
Elyvilon
Fedhas
Gozag
Hepliaklqana
Kikubaaqudgha
Makhleb
Nemelex Xobeh
Okawaru
Qazlal
Ru
Sif Muna
Trog
Uskayaw
Vehumet
Xom
Yredelemnul
Zin
The Shining One

Shops:
D:8 *(


Innate Abilities, Weirdness & Mutations

You can breathe blasts of noxious fumes.
Your lurid green scales are hard. (AC +7)
You cannot fit into any form of body armour.
Your system is resistant to poisons. (rPois)
You are cold-blooded and may be slowed by cold attacks.


Message History

The blast of choking fumes hits the orc warrior.
The orc warrior is lightly wounded.
You feel somewhat less full.
The orc warrior is engulfed in noxious fumes.
The orc warrior appears confused.
Unknown command.
Evoke which item? (* to show all) (? for menu, Esc to quit)
Okay, then.
As you read the scroll labeled LAPUDI QYNAD, it crumbles to dust.
It is a scroll of identify.
h - 3 potions of might The orc warrior is engulfed in noxious fumes.
The orc warrior appears confused.
You feel better.
The orc warrior is engulfed in noxious fumes.
The orc warrior appears confused.
The orc warrior barely misses the orc.
The orc warrior is engulfed in noxious fumes.
The orc warrior appears confused.
The orc warrior hits you with a flail of protection!!
You die...

..∩...# .#....#
......# ......#
......# ......####
#........#
#........#############
....._...oooo§§o@..[.#
...(......##########.#
..........#
|.......o.##
...........#
.......(o..#
.........o.#
.........[.#
..........o#


You could see 2 orc warriors and 3 orcs.

Vanquished Creatures
  The ghost of sveltemanboy the Destroyer, a novice TeCj (D:5)
  Psyche (D:8)
  A hornet (D:8)
  Prince Ribbit (D:6)
  3 hippogriffs (D:8)
  Sigmund (D:4)
  4 hogs (D:7)
  A human (D:7)
  Purgy (D:3)
  3 orc warriors
  3 ice beasts
  2 phantoms
  A necrophage (D:7)
  2 ogres
  4 centaurs
  Blork the orc (D:5)
  A gnoll sergeant (D:8)
  4 bullfrogs
  A scorpion (D:8)
  A howler monkey (D:8)
  A crimson imp (D:7)
  A bullfrog zombie (D:5)
  6 orc priests
  4 hounds
  Crazy Yiuf (D:2)
  A jelly (D:8)
  A bullfrog skeleton (D:6)
  2 centaur skeletons
  Jessica (D:2)
  Ijyb (D:2)
  2 iguanas
  Natasha (thrice) (D:2)
  4 orc wizards
  4 worker ants
  A killer bee zombie (D:7)
  A hound zombie (D:6)
  A hound skeleton (D:7)
  2 worker ant zombies
  Robin (D:3)
  8 gnolls
  6 adders
  3 shadow imps
  2 adder zombies
  4 worms
  2 dart slugs
  3 leopard geckos
  41 orcs
  3 bats
  3 giant cockroaches
  15 goblins
  12 hobgoblins
  7 jackals
  6 kobolds
  2 quokkas
  A ball python (D:3)
  6 rats
199 creatures vanquished.

Notes
Turn   | Place    | Note
-------+----------+-------------------------------------------
     0 | D:1      | HEYYEYAAE the Draconian Ice Elementalist began the quest for the Orb.
     0 | D:1      | Reached XP level 1. HP: 14/14 MP: 3/3
   209 | D:1      | Reached XP level 2. HP: 21/22 MP: 1/5
   638 | D:2      | Noticed Ijyb
   643 | D:1      | Reached skill level 1 in Fighting
   726 | D:2      | Reached XP level 3. HP: 27/28 MP: 2/6
   732 | D:2      | Noticed Jessica
   737 | D:2      | Killed Jessica
   782 | D:2      | Found a runed door.
   838 | D:2      | Noticed Crazy Yiuf
   871 | D:2      | Killed Crazy Yiuf
   871 | D:2      | Reached XP level 4. HP: 18/36 MP: 0/8
   975 | D:2      | Noticed Natasha
   992 | D:2      | Killed Ijyb
   992 | D:2      | Reached skill level 4 in Ice Magic
   997 | D:2      | Killed Natasha
  1000 | D:2      | Reached XP level 5. HP: 19/41 MP: 4/9
  1142 | D:2      | Found a stormy altar of Qazlal.
  1285 | D:2      | Noticed Natasha
  1291 | D:2      | Killed Natasha
  1405 | D:2      | Noticed Natasha
  1409 | D:2      | Killed Natasha
  1574 | D:3      | Reached XP level 6. HP: 21/48 MP: 3/11
  2060 | D:3      | Noticed Purgy
  2072 | D:3      | Killed Purgy
  2181 | D:3      | Noticed Robin
  2186 | D:3      | Killed Robin
  2437 | D:4      | Noticed Sigmund
  2464 | D:4      | Killed Sigmund
  2464 | D:4      | Reached skill level 5 in Ice Magic
  2464 | D:4      | Your scales start taking on a lurid green colour.
  2464 | D:4      | Reached XP level 7. HP: 18/56 MP: 2/14
  2464 | D:4      | Gained mutation: Your system is resistant to poisons. (rPois) [Green Draconian growth]
  2913 | D:5      | Entered Level 5 of the Dungeon
  2934 | D:5      | Reached skill level 5 in Spellcasting
  3164 | D:5      | Found a radiant altar of Vehumet.
  3344 | D:5      | Reached skill level 6 in Ice Magic
  3346 | D:5      | Reached XP level 8. HP: 44/66 MP: 13/16
  3356 | D:5      | Noticed sveltemanboy's ghost (novice TeCj)
  3367 | D:5      | Killed sveltemanboy's ghost
  3886 | D:6      | Noticed Blork the orc
  3892 | D:5      | Killed Blork the orc
  3892 | D:5      | Reached skill level 7 in Ice Magic
  4253 | D:6      | Found a staircase to the Ecumenical Temple.
  4358 | D:6      | Reached XP level 9. HP: 31/73 MP: 7/19
  4567 | Temple   | Entered the Ecumenical Temple
  4773 | Temple   | Became a worshipper of Warmaster Okawaru
  4931 | D:6      | HP: 1/73 [ice beast (21)]
  5285 | D:6      | Reached skill level 5 in Fighting
  5297 | D:6      | Noticed Prince Ribbit
  5302 | D:6      | Killed Prince Ribbit
  5419 | D:6      | Found Zin's Purification Station.
  5423 | D:6      | Found a glowing silver altar of Zin.
  5464 | D:6      | Bought a potion of curing for 90 gold pieces
  5540 | D:6      | Reached * piety under Okawaru
  5596 | D:6      | Found a hazy altar of Hepliaklqana.
  5596 | D:6      | Found a bloodstained altar of Trog.
  5606 | D:6      | Learned a level 3 spell: Ozocubu's Armour
  5611 | D:6      | Learned a level 4 spell: Throw Icicle
  5616 | D:6      | Learned a level 4 spell: Summon Ice Beast
  5712 | D:7      | Reached skill level 5 in Dodging
  5712 | D:7      | Reached skill level 8 in Ice Magic
  6310 | D:7      | Reached skill level 1 in Crossbows
  6407 | D:8      | Reached ** piety under Okawaru
  6407 | D:8      | Reached XP level 10. HP: 52/82 MP: 17/22
  6424 | D:8      | Found Xompo's General Store.
  6464 | D:8      | Found Posoah's Antique Weapon Emporium.
  6890 | D:8      | Noticed Psyche
  6906 | D:8      | Killed Psyche
  6906 | D:8      | Reached skill level 9 in Ice Magic
  7037 | D:8      | Found a glowing silver altar of Zin.
  7111 | D:8      | Reached *** piety under Okawaru
  7128 | D:8      | HP: 4/84 [orc/tomahawk (7)]
  7142 | D:8      | Mangled by an orc warrior

Skill      XL: |  1  2  3  4  5  6  7  8  9 10 |
---------------+-------------------------------+-----
Fighting       | 1 2 3 4 6 |  6.4
Dodging        | 2 3 4 5 |  5.8
Spellcasting   | 3 4 5 6 8 |  8.8
Ice Magic      | 4 5 6 7 8 9 |  9.2
Crossbows      | 1 2 |  2.0
Stealth        | |  1.7
Conjurations   | |  1.0

Action                   |  1- 3 |  4- 6 |  7- 9 | 10-12 || total
-------------------------+-------+-------+-------+-------++-------
Melee: Unarmed           |    54 |       |       |       ||    54
       Tailslap          |     3 |     2 |       |       ||     5
       Quarterstaff      |       |   122 |       |       ||   122
       Hunting sling     |       |     1 |     1 |       ||     2
 Fire: Hunting sling     |       |    10 |   337 |   114 ||   461
       Shortbow          |       |       |     4 |       ||     4
       Arbalest          |       |       |    17 |    13 ||    30
Throw: Stone             |       |       |       |     2 ||     2
 Cast: Freeze            |    30 |    48 |    89 |    44 ||   211
       Throw Icicle      |       |       |       |     3 ||     3
       Ozocubu's Armour  |       |       |       |     1 ||     1
 Abil: Breathe Noxious F |       |       |     2 |     4 ||     6
Evoke: Wand              |       |       |     3 |       ||     3
  Use: Potion            |       |     3 |     6 |     2 ||    11
       Scroll            |       |       |       |     1 ||     1
 Stab: Sleeping          |     2 |     4 |       |       ||     6
       Invisible         |     1 |       |       |       ||     1
  Eat: Chunk             |       |     5 |    28 |     2 ||    35
Armor: Skin              |    28 |    65 |   111 |    26 ||   230
Dodge: Dodged            |    53 |   144 |   257 |    94 ||   548
